 Dungeon Crawl Stone Soup version 0.29-a0-341-g24ffce5b50 (webtiles) character file.

Game seed: 4349536634177312437

2 spaghetti the Grave Robber (level 1, 5/15 HPs)
             Began as a Deep Dwarf Necromancer on Apr 20, 2022.
             Quit the game on level 1 of the Dungeon.
             The game lasted 00:00:18 (75 turns).

spaghetti the Grave Robber (Deep Dwarf Necromancer)   Turns: 75, Time: 00:00:18

Health: 5/15       AC:  2    Str: 11    XL:     1   Next: 33%
Magic:  0/3        EV: 12    Int: 15    God:
Gold:   0          SH:  0    Dex: 13    Spells: 3/4 levels left

rFire   . . .      SeeInvis .   (no weapon)
rCold   . . .      Faith    .   (no shield)
rNeg    . . .      Spirit   .   a - +0 robe
rPois   .          Reflect  .   (no helmet)
rElec   .          Harm     .   (no cloak)
rCorr   .          Rampage  .   (no gloves)
Will    .....                   (no boots)
Stlth   ++........              (no amulet)
HPRegen 0.00/turn               (no ring)
MPRegen 0.08/turn               (no ring)

@: no status effects
A: damage resistance, heal wounds, sense surroundings 1, no regeneration
a: Heal Wounds


You were on level 1 of the Dungeon.
You visited 1 branch of the dungeon, and saw 1 of its levels.


Innate Abilities, Weirdness & Mutations

You are resistant to damage.
You can heal yourself by infusing magical energy.
You passively map a small area around you.
You do not regenerate.


   Skills:
 - Level 2.1 Dodging
 - Level 2.4 Stealth
 + Level 2.0 Spellcasting
 - Level 4.3 Necromancy


You had 3 spell levels left.
You knew the following spells:

 Your Spells              Type           Power      Damage    Failure   Level
a - Pain                  Necr           56%        1d6       3%          1

Your spell library contained the following spells:

 Spells                   Type           Power      Damage    Failure   Level
 Animate Skeleton         Necr           28%        N/A       3%          1
 Vampiric Draining        Necr           14%        2d7       11%         3
 Animate Dead             Necr           7%         N/A       36%         4
 Agony                    Necr           14%        N/A       71%         5

Inventory:

Armour
 a - a +0 robe (worn)
Potions
 b - a potion of magic

Dungeon Overview and Level Annotations

Branches:
Dungeon (1/15)

Altars:

≈≈≈≈≈ , * , ≈ ≈≈ ≈≈≈≈≈≈≈*
, * . ≈ ≈ ≈≈≈≈≈≈≈≈≈#, , *≈
≈., ≈≈≈≈≈≈≈≈≈≈≈# , ≈≈≈.
≈≈≈≈≈≈≈≈≈≈≈≈## *≈≈..
≈≈≈≈≈≈≈≈≈≈≈##+##....., ≈
≈≈≈≈≈≈≈≈≈≈..........
#####≈≈≈≈≈≈≈...g.......
##...##≈≈≈≈≈≈..@K.......
≈#.....#..≈≈≈....S..≈≈...
#.>...'.........≈≈≈≈≈≈..
≈#.....#...†....≈≈≈≈≈≈≈..,
≈##...##≈......≈≈≈≈≈≈≈≈≈.
≈≈#####≈≈≈≈....≈≈≈≈≈≈≈≈≈.
≈≈≈≈≈≈≈≈....≈≈≈≈≈≈≈≈≈.
≈≈≈≈≈≈≈≈≈..≈≈≈≈≈≈≈≈≈≈
≈≈≈≈≈≈≈≈≈≈..≈≈≈≈≈≈≈≈


You could see a goblin, a ball python and a kobold.


Message History

You open the door.
There is an open door here.
You enter the shallow water.
Moving in this stuff is going to be slow.
A hobgoblin comes into view.
A hobgoblin is nearby!
A hobgoblin is nearby!
A hobgoblin is nearby!
The hobgoblin shouts!
The hobgoblin writhes in agony. 😎 MP[-1]
You lost 1 mp, and now have 2/3 mp.
The hobgoblin writhes in agony. 😎 MP[-1]
You lost 1 mp, and now have 1/3 mp.
The hobgoblin writhes in agony.
You kill the hobgoblin!
No target in view! 😎 MP[-1]
You lost 1 mp, and now have 0/3 mp.
No target in view!
No target in view!
No target in view!
No target in view!
No target in view!
No target in view!
No target in view!
No target in view!
No target in view!
You open the door.
Found an escape hatch in the floor. 😎 MP[+3]
Your mp is fully restored (3).
There is an open door here.
There is an open door here.
A kobold and a quokka come into view.
There are monsters nearby!
There are monsters nearby!
There are monsters nearby!
The kobold shouts!
A ball python comes into view.
The quokka writhes in agony.
The ball python hisses angrily.
A goblin comes into view. It is wielding a +0 club. 😎 MP[-1]
You lost 1 mp, and now have 2/3 mp.
The quokka writhes in agony.
The goblin shouts!
The quokka writhes in agony.
You kill the quokka!
Your Spellcasting skill increases to level 2!
No target in range!
No target in range!
No target in range!
No target in range! 😎 MP[-2]
You lost 2 mp, and now have 0/3 mp.
No target in range!
No target in range!
No target in range!
No target in range!
No target in range!
No target in range!
No target in range!
No target in range!
No target in range!
No target in range!
No target in range!
No target in range!
No target in range!
No target in range!
No target in range!
No target in range!
No target in range!
No target in range!
The kobold hits you but does no damage.
You barely miss the kobold. You punch the kobold, but do no damage.
The kobold hits you with a +0 whip. The ball python closely misses you.
The ball python barely misses you. 😕 HP[-3]
You take 3 damage, and now have 12/15 hp.
You closely miss the kobold. The kobold hits you with a +0 whip.
The ball python misses you. x2 😮 HP[-2]
You take 2 damage, and now have 10/15 hp.
You closely miss the kobold. The kobold hits you with a +0 whip.
The goblin hits you with a +0 club.
The ball python closely misses you. x2 😮 HP[-2]
You take 2 damage, and now have 8/15 hp.
You hit the kobold. The kobold hits you with a +0 whip.
* * * LOW HITPOINT WARNING * * *
The ball python barely misses you. The ball python grabs you.
The ball python constricts you. The goblin hits you with a +0 club.
* * * LOW HITPOINT WARNING * * *
😨 HP[-3]
You take 3 damage, and now have 5/15 hp.
You escape the ball python's grasp.
Unknown command.
Are you sure you want to abandon this character and quit the game? (Confirm with "yes".)

Skill      XL: |  1 |
---------------+----+-----
Spellcasting   | 2 |  2.0
Dodging        | |  2.1
Stealth        | |  2.4
Necromancy     | |  4.3

Action                   || total
-------------------------++-------
Melee: Unarmed           ||     4
       Punch             ||     1
 Cast: Pain              ||     6
Armor: Robe              ||     1
Dodge: Dodged            ||     7

Levels and vault maps discovered:
D:1:      minmay_arrival_shoal_huts, layout_basic, serial_shops,
          nicolae_diamond_shop

Notes
Turn   | Place    | Note
-------+----------+-------------------------------------------
     0 | D:1      | spaghetti the Deep Dwarf Necromancer began the quest for
                  | the Orb.
     0 | D:1      | Reached XP level 1. HP: 15/15 MP: 3/3
     0 | D:1      | magus.rc [v1.9.6]
    69 | D:1      | Reached skill level 2 in Spellcasting
    75 | D:1      | Quit the game

Vanquished Creatures
  A hobgoblin (D:1)
  A quokka (D:1)
2 creatures vanquished.

Table legend:
 A = Non-vault XP
 B = Vault XP
 C = Vault XP percentage of total XP
 D = Non-vault monster count
 E = Vault monster count
 F = Vault count percentage of total count
                 A         B        C        D         E       F
            +---------+---------+-------+---------+---------+-------
      Total |       4 |       0 |   0.0 |       2 |       0 |   0.0
            +---------+---------+-------+---------+---------+-------
        D:1 |       4 |       0 |   0.0 |       2 |       0 |   0.0
            +---------+---------+-------+---------+---------+-------

Illustrated notes

Table legend:
 A = Kills in this place as a percentage of kills in entire the game.
 B = Kills by you in this place as a percentage of kills by you in the entire game.
 C = Kills by friends in this place as a percentage of kills by friends in the entire game.
 D = Other kills in this place as a percentage of other kills in the entire game.
 E = Experience gained in this place as a percentage of experience gained in the entire game.
 F = Experience gained in this place divided by the number of levels of this place that you have seen.
                   A       B       C       D       E      F
               +-------+-------+-------+-------+-------+----------------------
         Total | 100.0 | 100.0 |   N/A |   N/A | 100.0 |   4.0
       Dungeon | 100.0 | 100.0 |   N/A |   N/A | 100.0 |   4.0
               +-------+-------+-------+-------+-------+----------------------

Table legend: (Time is in decaauts)
 A = Elapsed time spent in this place.
 B = Non-inter-level travel time spent in this place.
 C = Inter-level travel time spent in this place.
 D = Time resting spent in this place.
 E = Time spent auto-exploring this place.
 F = Levels seen in this place.
 G = Mean time per level.
                   A        B        C        D        E       F      G
               +--------+--------+--------+--------+--------+-----+--------+
         Total |     75 |     75 |      0 |      0 |     58 |   1 |   75.0 |
       Dungeon |     75 |     75 |      0 |      0 |     58 |   1 |   75.0 |
               +--------+--------+--------+--------+--------+-----+--------+

Top non-repeatable levels by time:
     D:1: 75 daAuts
